Match 41286748
Unlisted

Match 41286748
End
Construct Infanterie Kompanie
GrW 34 Mortar Team
MG 42 Machine Gun Team
Grenadier Squad
Selects Terror Battlegroup
Selects Machine Gun Camouflage
Grenadier Squad
Construct Panzergrenadier Kompanie
Construct Panzer Kompanie
Stoßtruppen Squad
Stoßtruppen Squad
Panzer Officer Quarters
Stoßtruppen Squad
Medical Bunker
The101stAirBorne ITA
BamboneWertherone ITA
Capibimbambombolilalone ITA
Monseigneur
bobik
zxcv
0
0

Comments sign in to comment!

No comments posted yet!